 Dungeon Crawl Stone Soup version 0.24.0-13-gcf9b319 (webtiles) character file.

Game seed: 7114525257354024282, levelgen mode: deterministic

1178 Fang the Shield-Bearer (level 8, -7/51 HPs)
             Began as a Gargoyle Fighter on Dec 18, 2019.
             Mangled by Prince Ribbit (9 damage)
             ... on level 6 of the Dungeon.
             The game lasted 00:06:29 (4746 turns).

Fang the Shield-Bearer (Gargoyle Fighter)           Turns: 4746, Time: 00:06:30

Health: -7/51      AC: 15    Str: 22    XL:     8   Next: 42%
Magic:  8/8        EV:  4    Int:  9    God:
Gold:   301        SH: 15    Dex:  9    Spells: 7/7 levels left

rFire    . . .     SeeInvis .   a - +1 war axe
rCold    + . .     Gourm    +   B - +0 large shield
rNeg     + . .     Faith    .   b - +0 chain mail
rPois    ∞         Spirit   .   (no helmet)
rElec    +         Reflect  .   (no cloak)
rCorr    .         Harm     .   (no gloves)
MR       +....                  (no boots)
Stlth    ..........             p - amulet of the gourmand
HPRegen  0.17/turn              l - ring of protection from cold
MPRegen  0.11/turn              m - ring of protection from magic

@: very slightly contaminated
A: negative energy resistance 1, electricity resistance, unbreathing,
petrification resistance, rot immunity, AC +5
a: no special abilities


You were on level 6 of the Dungeon.
You were completely stuffed.

You visited 1 branch of the dungeon, and saw 6 of its levels.

You collected 301 gold pieces.

Inventory:

Hand Weapons
 a - a +1 war axe (weapon)
Armour
 b - a +0 chain mail (worn)
 B - a +0 large shield (worn)
Jewellery
 k - an uncursed amulet of the acrobat
 l - a ring of protection from cold (left hand)
 m - a ring of protection from magic (right hand)
 p - an amulet of the gourmand (around neck)
Wands
 g - a wand of flame (20)
Scrolls
 e - a scroll of enchant weapon
 h - a scroll of teleportation
 j - a scroll of blinking
 n - 3 scrolls of remove curse
Potions
 d - 3 potions of might
 i - a potion of cancellation
 o - a potion of mutation {unknown}
 r - 2 potions of ambrosia {unknown}
Comestibles
 c - 8 rations
 q - 8 chunks of flesh


   Skills:
 + Level 6.2 Fighting
 + Level 4.7 Axes
 + Level 6.2 Armour
 + Level 6.2 Shields


You had 7 spell levels left.
You didn't know any spells.
Your spell library was empty.

Dungeon Overview and Level Annotations

Branches:
Dungeon (6/15)
 Temple: D:4-7

Altars:
Cheibriados
Dithmenos
Gozag
Makhleb
Okawaru

Shops:
D:5 }

Annotations:
D:6 Prince Ribbit


Innate Abilities, Weirdness & Mutations

You are resistant to torment.
Your stone body is resilient. (AC +5)
You are immune to poison.
You resist negative energy. (rN+)
You are resistant to electric shocks. (rElec)
You can survive without breathing.
You are immune to petrification.
You are immune to rotting.


Message History

You hit the hound. Prince Ribbit hits you!
* * * LOW HITPOINT WARNING * * *
The hound bites you but does no damage. Prince Ribbit barely misses you.
You block the hound's attack.
You closely miss Prince Ribbit.
Prince Ribbit is moderately wounded.
Your shield and chain mail prevent you from hitting the hound.
You block the hound's attack. Prince Ribbit barely misses you.
Okay, then.
Blink to where?
Press: ? - help, Dir - move target cursor You are very lightly contaminated with residual magic.
As you read the scroll of blinking, it crumbles to dust.
Number of times to repeat, then command key: You must enter the number of times for the command to repeat.
There is a stone staircase leading up here.
Prince Ribbit hits you.
* * * LOW HITPOINT WARNING * * *
Prince Ribbit hits you!
You die...

### ..
#.#####
......
#####....###
..#.........
#
#.#.......#
#.#.#.@#
#.#.#F##
#...(..#
+...(#.#
#..†(#.#
#....#.#
......).#.#
....##.##.#
.... .. .#


You could see Prince Ribbit.

Vanquished Creatures
  2 sky beasts (D:5)
  2 ogres
  A phantom (D:4)
  2 centaurs
  A crimson imp (D:5)
  2 hounds
  A centaur skeleton (D:5)
  An orc priest (D:4)
  Natasha (twice) (D:4)
  3 orc wizards
  6 worker ants
  7 adders
  A howler monkey skeleton (D:5)
  3 worms
  A dart slug (D:2)
  5 leopard geckos
  11 orcs
  3 giant cockroaches
  7 goblins
  7 hobgoblins
  11 jackals
  A quokka (D:3)
  2 ball pythons
  10 bats
  4 frilled lizards
  4 kobolds
  4 rats
104 creatures vanquished.

Notes
Turn   | Place    | Note
-------+----------+-------------------------------------------
     0 | D:1      | Fang the Gargoyle Fighter began the quest for the Orb.
     0 | D:1      | Reached XP level 1. HP: 14/14 MP: 1/1
    18 | D:1      | Found an iron altar of Okawaru.
   314 | D:1      | Reached XP level 2. HP: 17/19 MP: 2/2
   832 | D:2      | Reached XP level 3. HP: 18/23 MP: 3/3
  1454 | D:3      | Found a snail-covered altar of Cheibriados.
  1521 | D:3      | Found an opulent altar of Gozag.
  1544 | D:3      | Found a burning altar of Makhleb.
  1579 | D:3      | Found an iron altar of Okawaru.
  1666 | D:3      | Reached XP level 4. HP: 5/29 MP: 4/4
  2269 | D:3      | Reached XP level 5. HP: 28/33 MP: 5/5
  3099 | D:4      | Noticed Natasha
  3113 | D:4      | Killed Natasha
  3113 | D:4      | Reached XP level 6. HP: 31/39 MP: 6/6
  3357 | D:4      | Noticed a phantom
  3367 | D:4      | Killed a phantom
  3379 | D:4      | Reached skill level 5 in Fighting
  3379 | D:4      | Reached skill level 5 in Armour
  3379 | D:4      | Reached skill level 5 in Shields
  3379 | D:4      | Reached XP level 7. HP: 27/44 MP: 7/7
  3430 | D:4      | Noticed Natasha
  3441 | D:4      | Killed Natasha
  3707 | D:5      | Entered Level 5 of the Dungeon
  3727 | D:5      | Found Iquol's Gadget Emporium.
  3795 | D:5      | Found a shadowy altar of Dithmenos.
  4250 | D:5      | Reached XP level 8. HP: 44/51 MP: 8/8
  4729 | D:6      | Noticed Prince Ribbit
  4746 | D:6      | HP: 2/51 [Prince Ribbit (5)]
  4746 | D:6      | Mangled by Prince Ribbit

Levels and vault maps discovered:
D:1:      dpeg_arrival_shelter, layout_basic, minmay_misc_feat_diagonals,
          minmay_misc_feat_secret_circle, okawaru_ov_weapons_minmay
D:2:      layout_loops_ring, first_ration
D:3:      minmay_skewed_foursquare, layout_loops_corners,
          nicolae_overflow_quartered_altars
D:4:      layout_loops_cross, minmay_tree_intersection, uniq_natasha
D:5:      layout_basic, lemuel_round_altar, serial_shops,
          nicolae_shop_window_shopping
D:6:      layout_basic, kennysheep_mini_moat, minivault_4, uniq_blork_the_orc,
          uniq_prince_ribbit1, uniq_menkaure

Skill      XL: |  1  2  3  4  5  6  7  8 |
---------------+-------------------------+-----
Axes           | 2 3 4 |  4.7
Fighting       | 4 5 6 |  6.2
Armour         | 4 5 6 |  6.2
Shields        | 4 5 6 |  6.2

Action                   |  1- 3 |  4- 6 |  7- 9 || total
-------------------------+-------+-------+-------++-------
Melee: War axe           |   162 |   135 |   153 ||   450
  Use: Scroll            |       |    11 |     1 ||    12
  Eat: Chunk             |    15 |     5 |     5 ||    25
Armor: Scale mail        |    31 |       |       ||    31
       Chain mail        |    77 |    96 |   132 ||   305
Dodge: Dodged            |    42 |    39 |    23 ||   104
Block: Shield            |    83 |    80 |    75 ||   238
       Large shield      |       |       |    31 ||    31
